 Dungeon Crawl Stone Soup version 0.21.1-1-g345015f (webtiles) character file.

1595 Fang the Chopper (level 8, -2/76 HPs)
             Began as a Gargoyle Berserker on May 9, 2018.
             Was a Priest of Trog.
             Slain by AlyssaTheNerd's ghost (9 damage)
             ... on level 6 of the Dungeon.
             The game lasted 00:05:20 (5319 turns).

Fang the Chopper (Gargoyle Berserker)               Turns: 5319, Time: 00:05:21

Health: -2/76      AC:  9    Str: 33    XL:     8   Next: 93%
Magic:  8/8        EV: 13    Int:  7    God:    Trog [***...]
Gold:   306        SH:  0    Dex:  9    Spells: 7/7 levels left

rFire    . . .     SeeInvis .   n - +1 whip (flame)
rCold    . . .     Gourm    .   (no shield)
rNeg     + . .     Faith    .   b - +2 animal skin
rPois    ∞         Spirit   .   (no helmet)
rElec    +         Reflect  .   (no cloak)
rCorr    .         Harm     .   (no gloves)
MR       .....                  (no boots)
Stlth    ..........             (no amulet)
HPRegen  0.22/turn              (no ring)
MPRegen  0.11/turn              k - +4 ring of strength

@: berserking (expiring), very quick
A: negative energy resistance 1, electricity resistance, unbreathing,
petrification resistance, rot immunity, AC +5
a: Berserk, Trog's Hand, Burn Spellbooks, Renounce Religion


You were on level 6 of the Dungeon.
You worshipped Trog.
Trog was most pleased with you.
You were hungry.

You visited 1 branch of the dungeon, and saw 6 of its levels.

You collected 306 gold pieces.

Inventory:

Hand Weapons
 a - a +0 hand axe
 n - a +1 whip of flaming (weapon)
Armour
 b - a +2 animal skin (worn)
Jewellery
 k - a +4 ring of strength (right hand)
Wands
 l - a wand of enslavement (3)
Scrolls
 e - a scroll of enchant armour
 g - 2 scrolls of remove curse
 j - 4 scrolls of teleportation
Potions
 d - a potion of berserk rage
 f - a potion of curing
 h - 2 potions of haste
 i - 2 potions of lignification
 m - a potion of magic {unknown}
Comestibles
 c - 12 rations
 o - 4 chunks of flesh


   Skills:
 + Level 6.2 Fighting
 + Level 7.7 Axes
 + Level 2.2 Armour
 + Level 4.2 Dodging
 + Level 3.5 Stealth


You had 7 spell levels left.
You didn't know any spells.

Dungeon Overview and Level Annotations

Branches:
Dungeon (6/15)             Temple (0/1) D:5

Altars:
Ashenzari
Cheibriados
Hepliaklqana
Kikubaaqudgha
Nemelex Xobeh
Ru
Vehumet
Xom

Annotations:
D:6 AlyssaTheNerd's ghost, novice DsGl


Innate Abilities, Weirdness & Mutations

You are resistant to torment.
Your stone body is resilient. (AC +5)
You are immune to poison.
You resist negative energy. (rN+)
You are resistant to electric shocks. (rElec)
You can survive without breathing.
You are immune to petrification.
You are immune to rotting.


Message History

The bullfrog hits you but does no damage.
Unknown command.
You barely miss AlyssaTheNerd's ghost.
AlyssaTheNerd's ghost is moderately damaged.
AlyssaTheNerd's ghost hits you.
* * * LOW HITPOINT WARNING * * *
The bullfrog barely misses you.
Unknown command.
You closely miss AlyssaTheNerd's ghost.
AlyssaTheNerd's ghost is moderately damaged.
AlyssaTheNerd's ghost hits you but does no damage.
The bullfrog closely misses you.
You barely miss AlyssaTheNerd's ghost.
AlyssaTheNerd's ghost is moderately damaged.
The bullfrog hits you.
* * * LOW HITPOINT WARNING * * *
You miss AlyssaTheNerd's ghost.
AlyssaTheNerd's ghost is moderately damaged.
AlyssaTheNerd's ghost hits you!
You die...

....# ....(##
.....####
#......#######
#.........[.##
##.......[<[.#
#...$........#
##W..........##
#.@.#.......##
#..F####..(..#
#....## #....##
......# #....#
.....# .......
..../ ).......
##.. ...###.#..
##. .$## .#..


You could see a bullfrog and AlyssaTheNerd's ghost.

Vanquished Creatures
  Pikel (D:6)
  The ghost of Elysium the Transmogrifier, a novice MfTm (D:4)
  2 slaves (D:6)
  A centaur (D:5)
  An ogre (D:5)
  Blork the orc (D:6)
  2 howler monkeys
  A crimson imp (D:5)
  2 jellies (D:5)
  2 orc wizards
  2 orc priests
  A centaur skeleton (D:5)
  A hound (D:4)
  An iguana (D:5)
  2 worker ants
  6 gnolls
  7 adders
  2 adder zombies
  3 worms
  2 dart slugs
  5 leopard geckos
  12 orcs
  6 giant cockroaches
  10 goblins
  5 hobgoblins
  6 jackals
  2 quokkas
  6 bats
  5 frilled lizards
  9 kobolds
  6 rats
113 creatures vanquished.

Notes
Turn   | Place    | Note
-------+----------+-------------------------------------------
     0 | D:1      | Fang the Gargoyle Berserker began the quest for the Orb.
     0 | D:1      | Reached XP level 1. HP: 14/14 MP: 1/1
   147 | D:1      | Reached XP level 2. HP: 17/19 MP: 2/2
   372 | D:1      | Reached skill level 3 in Axes
   670 | D:2      | Reached ** piety under Trog
   672 | D:2      | Reached XP level 3. HP: 17/24 MP: 3/3
   829 | D:2      | Found a burning altar of Makhleb.
   832 | D:2      | Found a radiant altar of Vehumet.
   832 | D:2      | Found a shimmering altar of Xom.
   835 | D:2      | Found a shadowy altar of Dithmenos.
   835 | D:2      | Found a shattered altar of Ashenzari.
   835 | D:2      | Found a sparkling altar of Nemelex Xobeh.
   944 | D:2      | Found a sacrificial altar of Ru.
  1396 | D:3      | Found a snail-covered altar of Cheibriados.
  1408 | D:3      | Found a faded altar of an unknown god.
  1437 | D:3      | Reached XP level 4. HP: 19/29 MP: 4/4
  1582 | D:3      | Reached skill level 4 in Axes
  1582 | D:3      | Reached XP level 5. HP: 34/34 MP: 5/5
  2011 | D:3      | Reached *** piety under Trog
  2188 | D:4      | Reached skill level 1 in Stealth
  2199 | D:4      | Reached XP level 6. HP: 5/40 MP: 6/6
  2200 | D:4      | HP: 3/60 [gnoll/spear (2)]
  2741 | D:4      | Reached skill level 5 in Fighting
  3292 | D:4      | Noticed Elysium's ghost (novice MfTm)
  3302 | D:4      | Reached skill level 5 in Axes
  3307 | D:4      | Killed Elysium's ghost
  3307 | D:4      | Reached XP level 7. HP: 38/44 MP: 7/7
  3715 | D:4      | Found a hazy altar of Hepliaklqana.
  3860 | D:5      | Entered Level 5 of the Dungeon
  3931 | D:5      | Found a staircase to the Ecumenical Temple.
  4004 | D:5      | Reached skill level 6 in Axes
  4313 | D:5      | Found an ancient bone altar of Kikubaaqudgha.
  4394 | D:5      | Reached XP level 8. HP: 24/51 MP: 8/8
  5235 | D:6      | Noticed Pikel
  5247 | D:6      | Killed Pikel
  5247 | D:6      | Reached skill level 7 in Axes
  5297 | D:6      | Noticed Blork the orc
  5297 | D:6      | Noticed AlyssaTheNerd's ghost (novice DsGl)
  5310 | D:6      | Killed Blork the orc
  5319 | D:6      | Slain by AlyssaTheNerd's ghost

Skill      XL: |  1  2  3  4  5  6  7  8 |
---------------+-------------------------+-----
Axes           | 3 4 5 6 7 |  7.7
Fighting       | 4 5 6 |  6.2
Dodging        | 2 3 4 |  4.2
Stealth        | 1 2 3 |  3.5
Armour         | |  2.2

Action                   |  1- 3 |  4- 6 |  7- 9 || total
-------------------------+-------+-------+-------++-------
Melee: Hand axe          |   122 |   143 |   154 ||   419
       Whip              |       |       |    20 ||    20
Invok: Berserk           |       |     4 |     5 ||     9
  Use: Scroll            |       |     8 |     4 ||    12
 Stab: Sleeping          |     1 |     1 |     3 ||     5
  Eat: Chunk             |       |    10 |     8 ||    18
       Ration            |       |       |     1 ||     1
Armor: Animal skin       |    38 |    53 |    58 ||   149
Dodge: Dodged            |    75 |    85 |    96 ||   256
